 Seeded DCSS version 0.28-a0-1555-g9ae15a6949 (webtiles) character file.

Game seed: 71 (custom seed)

11 knot the Chopper (level 2, 22/36 HPs)
             Began as a Demonspawn Berserker on Jan 19, 2022.
             Was a Follower of Trog.
             Quit the game on level 1 of the Dungeon.
             The game lasted 00:00:18 (316 turns).

knot the Chopper (Demonspawn Berserker)              Turns: 316, Time: 00:00:18

Health: 22/36      AC:  2    Str: 17    XL:     2   Next: 13%
Magic:  2/2        EV: 12    Int:  8    God:    Trog [*.....]
Gold:   10         SH:  0    Dex: 12    Spells: 1/1 levels left

rFire   . . .      SeeInvis .   a - +0 hand axe
rCold   . . .      Faith    .   (no shield)
rNeg    . . .      Spirit   .   b - +0 animal skin
rPois   .          Reflect  .   (no helmet)
rElec   .          Harm     .   (no cloak)
rCorr   .          Rampage  .   (no gloves)
Will    .....                   (no boots)
Stlth   ..........              (no amulet)
HPRegen 0.12/turn               (no ring)
MPRegen 0.08/turn               (no ring)

@: berserking, very quick
A: demonic guardian 1
a: Renounce Religion, Berserk


You were on level 1 of the Dungeon.
You worshipped Trog.
Trog was aware of your devotion.
You visited 1 branch of the dungeon, and saw 1 of its levels.

You collected 10 gold pieces.

Inventory:

Hand Weapons
 a - a +0 hand axe (weapon)
Missiles
 c - 5 stones (quivered)
Armour
 b - a +0 animal skin (worn)
Scrolls
 d - a scroll of teleportation {unknown}


   Skills:
 - Level 3.0 Fighting
 + Level 3.3 Axes
 - Level 1.7 Armour
 - Level 1.7 Dodging


You had one spell level left.
You didn't know any spells.
Your spell library was empty.

Dungeon Overview and Level Annotations

Branches:
Dungeon (1/15)

Altars:


Innate Abilities, Weirdness & Mutations

A weak demonic guardian rushes to your aid.


Message History

There are monsters nearby!
You closely miss the jackal. You hit the jackal.
You kill the jackal!
Trog accepts your kill. The jackal barely misses you.
The jackal bites you but does no damage.
You barely miss the jackal. You completely miss the endoplasm.
The jackal bites you. The endoplasm freezes you.
You are frozen.
You hit the jackal.
The jackal is heavily wounded.
You hit the jackal. You hit the endoplasm but do no damage.
The jackal bites you. The jackal barely misses you. The endoplasm misses you.
The jackal bites you. The ball python barely misses you.
The ball python misses you.
The jackal bites you but does no damage.
A red film seems to cover your vision as you go berserk!
You feel yourself moving faster!
You feel mighty!
The frilled lizard hisses angrily.
The endoplasm hits you. The jackal barely misses you. The jackal bites you.
A frilled lizard comes into view.
The ball python bites you but does no damage.
The ball python grabs you. The ball python constricts you.
The frilled lizard hisses angrily.
You hit the endoplasm.
You kill the endoplasm!
Trog accepts your kill.
You hit the jackal.
You kill the jackal!
Trog accepts your kill.
You miss the jackal. You slash the ball python!
You kill the ball python!
Trog accepts your kill. The jackal closely misses you.
A frilled lizard comes into view.
You have reached level 2!
Your demonic ancestry asserts itself...
You feel the presence of a demonic guardian.
Are you sure you want to abandon this character and quit the game? (Confirm with "yes".)

#..##....#..#.##
#..
#..^.#.##..## #.
....##..#...##
......#..#....#
#..#..#. #....#
#....... #.)..#
#....#
#########....#
......h@....##
.##.....†...#
#.........#
#.........#
#.>.......#
#........l#
............
...........ll


You could see a jackal and 3 frilled lizards.

Vanquished Creatures
  2 endoplasms (D:1)
  A giant cockroach (D:1)
  2 goblins (D:1)
  2 jackals (D:1)
  A ball python (D:1)
  A rat (D:1)
9 creatures vanquished.

Notes
Turn   | Place    | Note
-------+----------+-------------------------------------------
     0 | D:1      | knot the Demonspawn Berserker began the quest for the Orb.
     0 | D:1      | Reached XP level 1. HP: 18/18 MP: 1/1
   316 | D:1      | Gained mutation: A weak demonic guardian rushes to your
                  | aid. [demonic ancestry]
   316 | D:1      | Reached XP level 2. HP: 22/24 MP: 2/2
   316 | D:1      | Quit the game

Illustrated notes

Levels and vault maps discovered:
D:1:      matt_arrival_debris, layout_rooms,
          shapermc_ecumenical_altar_mp_vishouse, minmay_lizard_king

Skill      XL: |  1 |
---------------+----+-----
Axes           | 3 |  3.3
Fighting       | |  3.0
Armour         | |  1.7
Dodging        | |  1.7

Action                   || total
-------------------------++-------
Melee: Hand axe          ||    21
Invok: Berserk           ||     2
Armor: Animal skin       ||    11
Dodge: Dodged            ||    15

Table legend: (Time is in decaauts)
 A = Elapsed time spent in this place.
 B = Non-inter-level travel time spent in this place.
 C = Inter-level travel time spent in this place.
 D = Time resting spent in this place.
 E = Time spent auto-exploring this place.
 F = Levels seen in this place.
 G = Mean time per level.
                   A        B        C        D        E       F      G
               +--------+--------+--------+--------+--------+-----+--------+
         Total |    327 |    327 |      0 |    177 |    108 |   1 |  327.0 |
       Dungeon |    327 |    327 |      0 |    177 |    108 |   1 |  327.0 |
               +--------+--------+--------+--------+--------+-----+--------+

Top non-repeatable levels by time:
     D:1: 327 daAuts
